 Dungeon Crawl Stone Soup version 0.27.1-4-g1640c2035a (webtiles) character file.

Game seed: 3187846097413166931

74695 bellerephron the Cleaver (level 15, -2/119 HPs)
             Began as a Demonspawn Gladiator on Nov 4, 2021.
             Was an Initiate of Gozag.
             Killed from afar by a shock serpent (9 damage)
             ... with an electric aura
             ... on level 1 of the Snake Pit on Nov 5, 2021.
             The game lasted 02:36:41 (32912 turns).

bellerephron the Cleaver (Demonspawn Gladiator)    Turns: 32912, Time: 02:36:42

Health: -2/119     AC: 23    Str: 22    XL:     15   Next: 7%
Magic:  0/15       EV:  5    Int:  9    God:    Gozag
Gold:   654        SH:  6    Dex: 14    Spells: 14/14 levels left

rFire    + + .     SeeInvis .   a - +5 broad axe of the Hungering Priest {pain, rCorr}
rCold    + . .     Faith    .   o - +1 buckler {AC+3}
rNeg     . . .     Spirit   +   D - +1 gold dragon scales
rPois    +         Reflect  .   (helmet unavailable)
rElec    .         Harm     .   X - +0 cloak
rCorr    +         Rampage  .   (no gloves)
Will     ++...                  (boots unavailable)
Stlth    ..........             U - amulet of guardian spirit
HPRegen  0.29/turn              L - ring of protection from fire
MPRegen  0.14/turn              u - ring of willpower

@: no status effects
A: claws 2, horns 3, talons 3, demonic guardian 3, ignite blood 1
a: Renounce Religion, Potion Petition, Call Merchant, Bribe Branch


You were on level 1 of the Snake Pit.
You worshipped Gozag.
Gozag was pleased with you.
You visited 5 branches of the dungeon, and saw 23 of its levels.

You collected 7651 gold pieces.
You spent 5970 gold pieces at shops.
You paid 1027 gold pieces to Gozag.

Inventory:

Hand Weapons
 a - the +5 broad axe of the Hungering Priest (weapon) {pain, rCorr}
   (You bought it in a shop on level 10 of the Dungeon)

   In the hands of one skilled in necromantic magic, it inflicts extra damage on
   living creatures.
   rCorr:     It protects you from acid and corrosion.
 G - a +0 war axe of flaming
Missiles
 d - 2 throwing nets
 p - 37 boomerangs
 t - 11 javelins
 C - 99 poisoned darts (quivered)
 N - 2 curare-tipped darts
Armour
 f - a scarf of repulsion
 o - a +1 buckler of protection (worn)
 D - +1 gold dragon scales (worn)
 X - a +0 cloak (worn)
Jewellery
 j - the ring "Urretor" {Fly Int+4 Dex+2}
   (You found it on level 4 of the Dungeon)

   [ring of flight]

   Int:       It affects your intelligence (+4).
   Dex:       It affects your dexterity (+2).
   Fly:       It grants you flight.
 u - a ring of willpower (right claw)
 z - a ring of see invisible
 I - a ring of resist corrosion
 L - a ring of protection from fire (left claw)
 S - a ring of protection from fire
 U - an amulet of guardian spirit (around neck)
 Z - a ring of positive energy
Wands
 c - a wand of charming (3)
 i - a wand of acid (28)
 n - a wand of flame (19)
 q - a wand of paralysis (23)
 r - a wand of iceblast (4)
 J - a wand of digging (3)
 O - a wand of mindburst (21)
Scrolls
 e - 3 scrolls of summoning
 g - 3 scrolls of teleportation
 h - 3 scrolls of vulnerability
 k - 4 scrolls of fear
 s - a scroll of magic mapping
 w - 3 scrolls of immolation
 x - a scroll of identify
 M - 2 scrolls of blinking
 Q - 3 scrolls of fog
Potions
 l - 3 potions of lignification
 m - 8 potions of curing
 v - 3 potions of berserk rage
 y - a potion of attraction {unknown}
 B - 2 potions of resistance
 F - 3 potions of ambrosia
 H - 6 potions of mutation
 K - 2 potions of flight {unknown}
 P - a potion of invisibility
 R - a potion of cancellation {unknown}
 T - 10 potions of heal wounds
 V - 3 potions of might
 W - 2 potions of magic {unknown}
Miscellaneous
 A - a piece from Xom's chessboard (15/15)


   Skills:
 + Level 11.3 Fighting
 + Level 13.7 Axes
 + Level 8.1 Throwing
 + Level 11.5 Armour
 - Level 3.3 Dodging
 - Level 4.0 Shields
 * Level 8.9 Necromancy
 * Level 9.0 Evocations


You had 14 spell levels left.
You didn't know any spells.
Your spell library contained the following spells:

 Spells                   Type           Power      Damage    Failure   Level
 Animate Skeleton         Necr           32%        N/A       52%         1
 Pain                     Necr           64%        1d7       52%         1
 Sublimation of Blood     Necr           8%         N/A       67%         2
 Vampiric Draining        Necr           8%         2d7       88%         3
 Dispel Undead            Necr           16%        3d10      99%         4
 Apportation              Tloc           0%         N/A       100%        1
 Corona                   Hex            0%         N/A       100%        1
 Foxfire                  Conj/Fire      0%         2x1d4     100%        1
 Magic Dart               Conj           0%         1d3       100%        1
 Sandblast                Erth           0%         2d4       100%        1
 Summon Small Mammal      Summ           0%         N/A       100%        1
 Call Imp                 Summ           0%         N/A       100%        2
 Passwall                 Tmut/Erth      0%         N/A       100%        2
 Slow                     Hex            0%         N/A       100%        2
 Static Discharge         Conj/Air       0%         N/A       100%        2
 Call Canine Familiar     Summ           0%         N/A       100%        3
 Confusing Touch          Hex            0%         N/A       100%        3
 Conjure Flame            Conj/Fire      0%         6-21      100%        3
 Gell's Gravitas          Tloc           0%         N/A       100%        3
 Ignite Poison            Fire/Tmut/Pois 0%         N/A       100%        3
 Inner Flame              Hex/Fire       0%         N/A       100%        3
 Lesser Beckoning         Tloc           0%         N/A       100%        3
 Mephitic Cloud           Conj/Pois/Air  0%         N/A       100%        3
 Portal Projectile        Hex/Tloc       0%         N/A       100%        3
 Stone Arrow              Conj/Erth      0%         3d7       100%        3
 Teleport Other           Tloc           0%         N/A       100%        3
 Animate Armour           Summ/Erth      0%         N/A       100%        4
 Cause Fear               Hex            0%         N/A       100%        4
 Fulminant Prism          Conj/Hex       0%         3d6       100%        4
 Iskenderun's Mystic Bla  Conj/Tloc      0%         2d3       100%        4
 Leda's Liquefaction      Hex/Erth       0%         N/A       100%        4
 Petrify                  Tmut/Erth      0%         N/A       100%        4
 Sticky Flame             Conj/Fire      0%         2d3       100%        4
 Agony                    Necr           16%        N/A       100%        5
 Bolt of Magma            Conj/Fire/Erth 0%         4d4       100%        5
 Excruciating Wounds      Necr           8%         N/A       100%        5
 Irradiate                Conj/Tmut      0%         3d13      100%        5
 Iskenderun's Battlesphe  Conj           0%         2d6       100%        5
 Lee's Rapid Deconstruct  Erth           0%         3d5*      100%        5
 Iron Shot                Conj/Erth      0%         9d1       100%        6
 Spellforged Servitor     Conj/Summ      0%         N/A       100%        7
 Borgnjor's Revivificati  Necr           8%         N/A       100%        8
 Discord                  Hex            0%         N/A       100%        8
 Lehudib's Crystal Spear  Conj/Erth      0%         10d2      100%        8
 Necromutation            Tmut/Necr      4%         N/A       100%        8
 Death's Door             Necr           8%         N/A       100%        9


Dungeon Overview and Level Annotations

Branches:
Dungeon (12/15)            Temple (1/1) D:5            Lair (6/6) D:9
  Swamp (0/4) Lair:3        Snake (2/4) Lair:2        Slime (0/5) Lair:5
    Orc (2/2) D:10            Elf (0/3) Orc:2

Altars:
Ashenzari
Cheibriados
Dithmenos
Elyvilon
Fedhas
Gozag
Hepliaklqana
Kikubaaqudgha
Makhleb
Nemelex Xobeh
Okawaru
Qazlal
Ru
Sif Muna
Trog
Uskayaw
Vehumet
Wu Jian
Xom
Yredelemnul
Zin
The Shining One
Jiyva

Shops:
D:4 [   D:6 *   D:10 (   Orc:2 !:!(   Snake:1 *

Portals:
Hell: Lair:6

Annotations:
Lair:5 1 runed translucent door


Innate Abilities, Weirdness & Mutations

You have very sharp fingernails.
You have a pair of large horns on your head.
You have claws for feet.
A powerful demonic guardian rushes to your aid.
Your demonic aura sometimes causes spilled blood to erupt in flames.


Message History

You resist.
The naga mage casts a spell.
The naga mage seems to speed up.
You climb upwards.
There is a stone staircase leading down here.
You see here a +2 hand axe of electrocution.
You see here a +0 flail.
There is a stone staircase leading down here.
You climb downwards.
The shock serpent hisses angrily.
The naga shouts!
The shock serpent shoots out a bolt of lightning at you!
The bolt of electricity hits you!!
A demonic guardian appears!
The bolt of electricity hits you!!
The bolt of electricity hits the shock serpent.
The shock serpent completely resists.
The shock serpent bites you. The shock serpent shocks you!
The naga spits poison at you.
The splash of poison hits your lorocyproca but does no damage.
Found 24 gold pieces.
There is a stone staircase leading up here.
The shock serpent bites you. The shock serpent shocks you!
The shock serpent bites you. The shock serpent shocks you!
* * * LOW HITPOINT WARNING * * *
You climb upwards.
There is a stone staircase leading down here.
Unknown command.
You feel much better. The shock serpent bites you.
The shock serpent shocks you!
You slash the shock serpent!
The shock serpent writhes in agony.
Your kick misses the shock serpent. You headbutt the shock serpent!
The shock serpent is heavily wounded.
The shock serpent's electric aura discharges, shocking you!
* * * LOW HITPOINT WARNING * * *
The shock serpent is engulfed in blazing flames.
The shock serpent shoots out a bolt of lightning at you!
The bolt of electricity hits you!!
* * * LOW HITPOINT WARNING * * *
The shock serpent's electric aura discharges, shocking you!
You die...
Your body crumbles into a pile of gold.

...####.........#.....##
#### ##.#.....##.....#
## ####.##.....#.....#
.####....######.##....#
...##....## ###.#....#
...##.....# ##.......##
..........###........#
...##...........S....##
..###......#...○@.....#
#####....#............#
####....###..........##
..).....# #..##.....##
..###...# ##.##.#####
..# ##..####..#.# .##
#....###..## ## ##.###
###.# # #.# ###


You could see a shock serpent.

Vanquished Creatures
  Asterion (Snake:1)
  3 orc warlords
  Aizul (Snake:1)
  A dire elephant (Lair:6)
  A catoblepas (Lair:6)
  7 hydras
  2 naga warriors (Snake:1)
  An anaconda (Snake:1)
  2 two-headed ogres
  5 orc high priests (Orc:2)
  A naga sharpshooter (Snake:1)
  A salamander mystic (Snake:1)
  A swamp dragon (Lair:3)
  A wizard (Lair:6)
  A deep elf pyromancer (D:12)
  2 lindwurms
  2 oklob plants (Lair:6)
  A necromancer (Lair:6)
  A cyclops (Orc:1)
  5 orc knights
  3 orc sorcerers
  6 elephants (Lair:6)
  A black mamba (Lair:5)
  15 cane toads
  A naga mage (Snake:1)
  A smoke demon (Lair:6)
  A torpor snail (Lair:6)
  2 orange demons (Lair:6)
  2 gargoyles (D:10)
  Maggie (D:7)
  An unseen horror (D:12)
  7 komodo dragons
  2 ice devils (Lair:6)
  5 rime drakes
  A kobold demonologist (D:9)
  4 polar bears
  9 trolls
  5 hornets
  9 blink frogs
  A dream sheep (Lair:6)
  A wyvern (D:10)
  2 shadows
  5 wraiths
  A vampire (D:10)
  51 yaks
  3 steam dragons
  5 vampire mosquitoes
  3 basilisks
  Menkaure (D:7)
  14 wargs
  4 acid dragons
  10 nagas
  9 water moccasins
  3 hell hounds (Lair:6)
  35 orc warriors
  2 sky beasts (D:7)
  2 ice beasts (D:6)
  A hornet zombie (D:6)
  2 necrophages
  6 ogres
  6 wolves (Lair:2)
  3 centaurs
  18 kobold brigands
  7 bullfrogs
  2 gnoll sergeants
  A scorpion (D:5)
  A water moccasin skeleton (D:5)
  4 killer bees (D:9)
  7 wights
  A vampire bat (D:8)
  4 electric eels
  A lava snake (D:7)
  5 centaur zombies
  34 orc priests
  2 centaur skeletons (D:6)
  A hound (D:4)
  A bullfrog skeleton (D:5)
  4 hell rats (Lair:3)
  2 iguanas
  16 orc wizards
  2 polar bear simulacra (Lair:6)
  2 yak simulacra (Lair:6)
  4 wolf simulacra (Lair:6)
  6 gnolls
  12 adders
  A howler monkey skeleton (D:5)
  A shadow imp (D:8)
  3 white imps
  An ufetubus (D:4)
  A worm (D:5)
  4 dart slugs
  82 orcs
  16 bats
  5 endoplasms
  A giant cockroach (D:1)
  11 goblins
  12 hobgoblins
  4 jackals (D:3)
  17 kobolds
  4 quokkas
  11 ball pythons
  5 frilled lizards
  4 rats
  3 river rat simulacra (Lair:6)
609 creatures vanquished.

Vanquished Creatures (collateral kills)
  A catoblepas (Lair:2)
  An orc high priest (Orc:2)
  An orc knight (Orc:1)
  3 black mambas
  3 cane toads (Lair:2)
  2 komodo dragons (Lair:6)
  3 yaks
  A steam dragon (D:5)
  A naga (Snake:1)
  A water moccasin (Lair:1)
  A hell hound (Lair:6)
  5 orc warriors
  An orc priest (Orc:1)
  3 orcs
27 creatures vanquished.

Vanquished Creatures (others)
  A gnoll (D:7)
  An orc (D:7)
  40 fungi
  59 plants
101 creatures vanquished.

Grand Total: 737 creatures vanquished

Notes
Turn   | Place    | Note
-------+----------+-------------------------------------------
     0 | D:1      | bellerephron the Demonspawn Gladiator began the quest for
                  | the Orb.
     0 | D:1      | Reached XP level 1. HP: 16/16 MP: 1/1
   470 | D:1      | Reached skill level 3 in Axes
   489 | D:1      | Gained mutation: You have sharp toenails. [demonic
                  | ancestry]
   489 | D:1      | Reached XP level 2. HP: 22/22 MP: 2/2
   593 | D:1      | Found a faded altar of an unknown god.
  1101 | D:1      | Reached skill level 1 in Armour
  1352 | D:1      | Gained mutation: A weak demonic guardian rushes to your
                  | aid. [demonic ancestry]
  1352 | D:1      | Reached XP level 3. HP: 16/27 MP: 3/3
  2712 | D:3      | Gained mutation: You have sharp fingernails. [demonic
                  | ancestry]
  2712 | D:3      | Reached XP level 4. HP: 31/33 MP: 4/4
  3093 | D:3      | Found a basalt altar of Yredelemnul.
  3298 | D:3      | Gained mutation: You have very sharp fingernails. [demonic
                  | ancestry]
  3298 | D:3      | Reached XP level 5. HP: 40/40 MP: 5/5
  3918 | D:4      | Found Ahatas's Antique Armour Emporium.
  3931 | D:4      | Identified the ring "Urretor" {Fly Int+4 Dex+2}
  4413 | D:4      | Noticed an ogre
  4418 | D:4      | Killed an ogre
  4419 | D:4      | Reached skill level 4 in Axes
  4419 | D:4      | Gained mutation: You have a pair of small horns on your
                  | head. [demonic ancestry]
  4419 | D:4      | Reached XP level 6. HP: 35/47 MP: 6/6
  4981 | D:5      | Entered Level 5 of the Dungeon
  4996 | D:5      | Noticed a steam dragon
  5009 | D:5      | Killed a steam dragon
  5010 | D:5      | Reached XP level 7. HP: 7/53 MP: 7/7
  5429 | D:5      | Found a staircase to the Ecumenical Temple.
  5438 | Temple   | Entered the Ecumenical Temple
  5594 | Temple   | Became a worshipper of Gozag Ym Sagoz the Greedy
  5808 | D:5      | Identified the +5 short sword "Eqops" {elec, rN+ Will-
                  | Int+2}
  6565 | D:5      | Reached skill level 5 in Axes
  7182 | D:5      | Reached skill level 5 in Armour
  7182 | D:5      | Reached skill level 1 in Evocations
  7349 | D:6      | Gained mutation: You have a pair of horns on your head.
                  | [demonic ancestry]
  7349 | D:6      | Reached XP level 8. HP: 20/60 MP: 8/8
  8017 | D:6      | Reached skill level 6 in Axes
  8665 | D:6      | Reached skill level 5 in Fighting
  9191 | D:6      | Found Paetwupp's Serpentskin Sales.
  9361 | D:7      | Noticed Maggie
  9379 | D:7      | Killed Maggie
  9380 | D:7      | Reached XP level 9. HP: 69/69 MP: 9/9
  9408 | D:7      | Reached skill level 7 in Axes
  9596 | D:7      | HP: 3/69 [orc warrior (11)]
  9815 | D:7      | Noticed Menkaure
  9829 | D:7      | Killed Menkaure
 10834 | D:7      | Found a burning altar of Makhleb.
 11353 | D:8      | Reached skill level 1 in Shields
 11360 | D:8      | Gained mutation: You have a pair of large horns on your
                  | head. [demonic ancestry]
 11360 | D:8      | Reached XP level 10. HP: 55/79 MP: 10/10
 11711 | D:8      | Reached skill level 8 in Axes
 12096 | D:9      | Found Zefum's Weapon Boutique.
 12140 | D:9      | Found a staircase to the Lair.
 12162 | D:9      | Noticed a two-headed ogre
 12170 | D:9      | Killed a two-headed ogre
 12354 | D:9      | Reached skill level 5 in Evocations
 12818 | D:9      | Reached skill level 9 in Axes
 12861 | D:9      | Gained mutation: Your demonic aura sometimes causes spilled
                  | blood to erupt in flames. [demonic ancestry]
 12861 | D:9      | Reached XP level 11. HP: 14/86 MP: 11/11
 13468 | D:10     | Entered Level 10 of the Dungeon
 14145 | D:10     | Found a staircase to the Orcish Mines.
 14146 | D:10     | Found Feappocw's Weapon Boutique.
 14628 | D:10     | Reached skill level 1 in Necromancy
 15236 | D:10     | Reached skill level 5 in Throwing
 16051 | D:4      | Bought gold dragon scales for 1920 gold pieces
 16438 | D:11     | Noticed a two-headed ogre
 16574 | D:11     | Killed a two-headed ogre
 17001 | D:11     | Paralysed by a hornet for 1 turns
 17501 | Lair:1   | Entered Level 1 of the Lair of Beasts
 17531 | Lair:1   | Gained mutation: A demonic guardian rushes to your aid.
                  | [demonic ancestry]
 17531 | Lair:1   | Reached XP level 12. HP: 45/94 MP: 12/12
 17536 | Lair:1   | Reached skill level 10 in Axes
 18493 | Lair:2   | Noticed a catoblepas
 18507 | Lair:2   | Killed a catoblepas
 18584 | Lair:2   | Reached skill level 5 in Necromancy
 18960 | Lair:2   | Found a staircase to the Snake Pit.
 18981 | Lair:2   | Noticed an eight-headed hydra
 18990 | Lair:2   | Killed a five-headed hydra
 20252 | Lair:3   | Reached skill level 11 in Axes
 20486 | Lair:3   | Found a staircase to the Swamp.
 20570 | Lair:3   | Noticed a five-headed hydra
 20577 | Lair:3   | Killed a four-headed hydra
 21459 | D:10     | Bought the +5 broad axe of the Hungering Priest {pain,
                  | rCorr} for 714 gold pieces
 21557 | Lair:4   | Gained mutation: A powerful demonic guardian rushes to your
                  | aid. [demonic ancestry]
 21557 | Lair:4   | Reached XP level 13. HP: 102/103 MP: 13/13
 21561 | Lair:4   | Reached skill level 10 in Armour
 22133 | Lair:4   | Reached skill level 10 in Fighting
 23119 | Lair:5   | Found an opulent altar of Gozag.
 23968 | Lair:5   | Found a runed translucent door.
 23970 | Lair:5   | Found a viscous altar of Jiyva.
 23971 | Lair:5   | Found a staircase to the Slime Pits.
 23971 | Lair:5   | Noticed an acid blob
 23971 | Lair:5   | Noticed an acid blob
 24172 | Lair:6   | Entered Level 6 of the Lair of Beasts
 24614 | Lair:6   | Noticed a dire elephant
 24638 | Lair:6   | Killed a dire elephant
 24650 | Lair:6   | Reached skill level 12 in Axes
 25024 | Lair:6   | Found a burning altar of Makhleb.
 25573 | Lair:6   | Gained mutation: You have razor-sharp toenails. [demonic
                  | ancestry]
 25573 | Lair:6   | Reached XP level 14. HP: 72/111 MP: 10/14
 26375 | Lair:6   | Found a gateway to Hell.
 26763 | Orc:1    | Entered Level 1 of the Orcish Mines
 26763 | Orc:1    | Found a bloodstained altar of Trog.
 27031 | Orc:1    | Noticed an orc warlord
 27059 | Orc:1    | Killed an orc warlord
 27928 | Orc:2    | Entered Level 2 of the Orcish Mines
 27940 | Orc:2    | Noticed an orc warlord
 27945 | Orc:2    | Killed an orc warlord
 27946 | Orc:2    | Reached skill level 13 in Axes
 28228 | Orc:2    | Found a staircase to the Elven Halls.
 28551 | Orc:2    | Noticed an orc warlord
 28601 | Orc:1    | Killed an orc warlord
 30347 | Orc:2    | Found Moankokk's Antique Weapon Boutique.
 30350 | Orc:2    | Found Oti Veq's Book Shop.
 30351 | Orc:2    | Found Voxec's Distillery.
 30352 | Orc:2    | Found Imnaecuz's Distillery.
 30356 | Orc:2    | Bought a potion of heal wounds for 85 gold pieces
 30356 | Orc:2    | Bought a potion of curing for 51 gold pieces
 30356 | Orc:2    | Bought a potion of mutation for 136 gold pieces
 30356 | Orc:2    | Bought a potion of heal wounds for 85 gold pieces
 30356 | Orc:2    | Bought a potion of resistance for 170 gold pieces
 30356 | Orc:2    | Bought a potion of might for 68 gold pieces
 30361 | Orc:2    | Bought a potion of heal wounds for 90 gold pieces
 30361 | Orc:2    | Bought a potion of resistance for 180 gold pieces
 30361 | Orc:2    | Bought a potion of heal wounds for 90 gold pieces
 30361 | Orc:2    | Bought 2 potions of mutation for 288 gold pieces
 30361 | Orc:2    | Bought a potion of heal wounds for 90 gold pieces
 30361 | Orc:2    | Bought 2 potions of heal wounds for 180 gold pieces
 30361 | Orc:2    | Bought a potion of heal wounds for 90 gold pieces
 30361 | Orc:2    | Bought a potion of curing for 54 gold pieces
 30361 | Orc:2    | Bought a potion of berserk rage for 90 gold pieces
 30361 | Orc:2    | Bought a potion of heal wounds for 90 gold pieces
 30361 | Orc:2    | Bought a potion of curing for 54 gold pieces
 30804 | Snake:1  | Entered Level 1 of the Snake Pit
 31448 | Snake:1  | Found Weesh's Overcharged Wands.
 31456 | Snake:1  | Bought a wand of paralysis (25) for 459 gold pieces
 31456 | Snake:1  | Bought a wand of acid (25) for 986 gold pieces
 31591 | Snake:1  | Noticed Asterion
 31603 | Snake:1  | Killed Asterion
 31604 | Snake:1  | Gained mutation: You have claws for feet. [demonic
                  | ancestry]
 31604 | Snake:1  | Reached XP level 15. HP: 87/119 MP: 11/15
 31792 | Snake:1  | Noticed Aizul
 31817 | Snake:1  | Killed Aizul
 32912 | Snake:1  | Killed from afar by a shock serpent

Illustrated notes

Levels and vault maps discovered:
D:1:      dpeg_arrival_arbitrary_a, layout_basic,
          shapermc_ecumenical_altar_flowoftime, hangedman_decor_push,
          chequers_serial_rivers_small_3, amethyst_killhole
D:2:      layout_rooms, minmay_crystal_water
D:3:      minmay_diamond_boxcup, layout_basic, yredelemnul_altar_generic,
          minmay_misc_feat_tower
D:4:      layout_basic, serial_shops, nicolae_stop_n_shop_2,
          corexii_hall_statues_i, patterned_corridor
D:5:      layout_basic, minmay_temple_entry_large_hall, kb_lookout_dungeons_type
D:6:      corexii_shack_village, layout_rooms, kennysheep_minor_cross,
          minivault_25, small_statue_intersection, guppyfry_shop_venom
D:7:      layout_basic, hex_large, kennysheep_flooded_box, due_unseen_surprise,
          uniq_menkaure, uniq_maggie
D:8:      layout_rooms, roderic_batcave
D:9:      layout_roguey [special_room_kobold], lair_entry_dummy, serial_shops,
          nicolae_shop_waterfront
D:10:     layout_loops_ring, orc_david_3, st_stairs_10,
          amcnicky_mini_pool_small, kennysheep_kite_vault
D:11:     layout_rooms
D:12:     layout_roguey
Temple:   roderic_octagonal_lattice_temple
Lair:1:   layout_cave_shapes, st_stairs_6, serial_bayou_lake_a
Lair:2:   layout_gridlike, minmay_snake_entry_guardpost_small,
          lemuel_fruit_tree, grunt_megastairs_1
Lair:3:   layout_cave_pods, minmay_swamp_entry_reptiles,
          infiniplex_staircase_pool_2
Lair:4:   layout_layer_cave, serial_forest, infiniplex_forest_straight_3,
          infiniplex_forest_end_double, infiniplex_forest_join,
          infiniplex_forest_lined_room_3, infiniplex_forest_clump_double,
          infiniplex_staircase_pool, serial_bayou_shore_b, grunt_megastairs_5
Lair:5:   layout_regular_city, slime_altar_2, basic_altar
Lair:6:   evil_forest, layout_layer_cave, serial_bayou_ford_a,
          eino_house_with_fridge
Snake:1:  layout_chambers, nicolae_shop_overcharged_wands, uniq_asterion,
          uniq_aizul
Snake:2:  layout_onion, special_room, uniq_vashnia
Orc:1:    cheibrodos_orc_guarddog, layout_caves, basic_altar
Orc:2:    st_orc_pillars, layout_caves

Skill      XL: |  1  2  3  4  5  6  7  8  9 10 11 12 13 14 15 |
---------------+----------------------------------------------+-----
Axes           | 3 4 5 6 7 9 11 12 13 | 13.7
Armour         | 1 3 4 5 6 7 8 9 10 11 | 11.5
Dodging        | 3 |  3.3
Throwing       | 2 3 4 5 6 7 8 |  8.1
Fighting       | 3 4 5 7 8 9 10 11 | 11.3
Evocations     | 1 3 4 5 6 7 8 9 |  9.0
Shields        | 1 3 4 |  4.0
Necromancy     | 4 5 7 8 |  8.9

Action                   |  1- 3 |  4- 6 |  7- 9 | 10-12 | 13-15 || total
-------------------------+-------+-------+-------+-------+-------++-------
Melee: War axe           |   125 |   157 |   161 |    72 |    37 ||   552
       Kick              |    17 |    35 |    75 |       |    10 ||   137
       Headbutt          |       |     5 |    65 |   185 |   118 ||   373
       Hand axe          |       |       |   103 |   542 |       ||   645
       Broad axe         |       |       |       |     2 |   527 ||   529
Throw: Stone             |    10 |     9 |     3 |       |       ||    22
       Throwing net      |     3 |       |       |     3 |     1 ||     7
       Javelin           |       |       |     7 |     7 |     6 ||    20
       Boomerang         |       |       |     1 |    45 |    32 ||    78
       Dart              |       |       |    24 |   108 |   101 ||   233
Invok: Potion Petition   |       |       |       |       |     2 ||     2
Evoke: Wand              |       |     2 |     5 |    17 |    16 ||    40
  Use: Potion            |     1 |     2 |     2 |     2 |     3 ||    10
       Scroll            |     1 |       |     5 |     9 |     9 ||    24
 Stab: Invisible         |       |     2 |       |     1 |     3 ||     6
       Paralysed         |       |       |     7 |    11 |     2 ||    20
       Distracted        |       |       |     1 |     5 |     3 ||     9
       Held in net/web   |       |       |       |     2 |     1 ||     3
       Petrified         |       |       |       |     5 |       ||     5
Armor: Leather armour    |    36 |       |       |       |       ||    36
       Ring mail         |    18 |    17 |       |       |       ||    35
       Plate armour      |       |    83 |   161 |   126 |       ||   370
       Gold dragon scale |       |       |       |   205 |   378 ||   583
Dodge: Dodged            |   113 |    64 |    84 |   129 |   109 ||   499
Block: Buckler           |       |       |    11 |   126 |   160 ||   297
